 Dungeon Crawl Stone Soup version 0.31.0-11-ge490571c62 (console) character file.

Game seed: 1825558008517784945

157 Zeia the Trooper (level 5, -1/48 HPs)
             Began as a Minotaur Fighter on Jan 26, 2024.
             Slain by a gnoll
             ... wielding a +0 halberd
             ... led by a gnoll bouda
              (11 damage)
             ... on level 4 of the Dungeon.
             The game lasted 00:07:11 (2467 turns).

Zeia the Trooper (Minotaur Fighter)                 Turns: 2467, Time: 00:07:12

Health: -1/48      AC:  9    Str: 20 (22) XL:     5   Next: 15%
Magic:  4/4        EV:  9    Int:  5      God:
Gold:   17         SH:  4    Dex:  8 (10) Spells: 4/4 levels left

rFire   . . .        a - +0 war axe
rCold   . . .        c - +0 buckler
rNeg    . . .        b - +0 scale mail
rPois   .            (helmet restricted)
rElec   .            (no cloak)
rCorr   +            k - +0 pair of gloves
SInv    .            p - +0 pair of boots
Will    .....        (no amulet) Stlth
                     e - ring of resist corrosion
HPRegen 0.28/turn    (no ring)
MPRegen 0.09/turn

%: no passive effects
@: mighty, weakened
A: horns 2, retaliatory headbutt
a: no special abilities


You were on level 4 of the Dungeon.
You visited 1 branch of the dungeon, and saw 4 of its levels.

You collected 137 gold pieces.
You spent 120 gold pieces at shops.

Inventory:

Hand Weapons
 a - a +0 war axe (weapon)
Armour
 b - a +0 scale mail (worn)
 c - a +0 buckler (worn)
 k - a +0 pair of gloves (worn)
 p - a +0 pair of boots (worn)
Jewellery
 e - a ring of resist corrosion (left hand)
Scrolls
 g - 4 scrolls of teleportation {unknown}
 i - 7 scrolls of blinking {unknown}
 l - a scroll of poison {unknown}
 m - 4 scrolls of identify {unknown}
 n - a scroll of fog {unknown}
 q - a scroll of amnesia {unknown}
Potions
 d - 2 potions of might
 f - 2 potions of degeneration
 h - 3 potions of haste
 o - 2 potions of curing {unknown}


   Skills:
 + Level 5.1 Fighting
 + Level 4.2 Axes
 + Level 5.0 Armour
 - Level 3.6 Shields


You had 4 spell levels left.
You didn't know any spells.
Your spell library contained the following spells:

 Spells                   Type           Power      Damage    Failure   Level
 Apportation              Tloc           0%         N/A       87%         1
 Necrotise                Necr           0%         1d4       87%         1
 Sting                    Conj/Alch      0%         1d3       87%         1
 Summon Small Mammal      Summ           0%         N/A       87%         1


Dungeon Overview and Level Annotations

Branches:
Dungeon (4/15)
 Temple: D:4-7

Altars:
Nemelex Xobeh
Yredelemnul

Shops:
D:3 !


Innate Abilities, Weirdness & Mutations

You have a pair of horns on your head.
You reflexively headbutt those who attack you in melee.


Message History

You hit the gnoll but do no damage.
You hit the gnoll bouda but do no damage.
The gnoll bouda gazes fiercely through you!
You feel your attacks grow feeble.
The gnoll bouda hits you with a +3 whip!
The gnoll barely misses you. You furiously retaliate!
You headbutt the gnoll!
You kill the gnoll!
The gnoll hits you from afar with a +0 halberd!
* * * LOW HITPOINT WARNING * * *
The gnoll closely misses you. The gnoll hits you but does no damage.
The gnoll bouda gazes fiercely through you!
You feel as though you will be weak longer.
The gnoll bouda hits you with a +3 whip!
* * * LOW HITPOINT WARNING * * *
You feel your intelligence returning.
Unknown command.
Unknown command.
Are you sure you want to abandon this character and quit the game? (Confirm with "yes".)
Okay, then.
Unknown command.
You feel much better. The gnoll hits you with a +0 whip.
You block the gnoll's attack. The gnoll barely misses you.
The gnoll bouda gazes fiercely through you!
You feel as though you will be weak longer.
You block the gnoll bouda's attack.
You feel very mighty all of a sudden. The gnoll closely misses you.
The gnoll hits you from afar with a +0 halberd!
The gnoll hits you from afar with a +0 spear.
The gnoll bouda calls upon its god to heal the gnoll.
The gnoll's wounds heal themselves!
You are too injured to fight recklessly!
You are too injured to fight recklessly!
You are too injured to fight recklessly!
You are too injured to fight recklessly!
You slash the gnoll bouda!
The gnoll bouda is severely wounded.
You closely miss the gnoll. The gnoll hits you with a +0 whip!
* * * LOW HITPOINT WARNING * * *
The gnoll hits you from afar with a +0 halberd!
You die...

........#...
#..........
..#.........# .
#............###..
#............#....
..................
..............#
#.....).)..(##
##.......<....#
#...$..)@g#....#
#.......g)#.....#
#......g..g......#
.......(..........
..........(.......
...............###
............#...#
..../.......##..#
.............


You could see a gnoll bouda and 3 gnolls.

Vanquished Creatures
  A hound (D:4)
  Natasha (twice) (D:2)
  A gnoll (D:4)
  2 adders
  A dart slug (D:3)
  4 orcs
  7 ball pythons
  4 bats
  5 endoplasms
  2 giant cockroaches (D:2)
  A hobgoblin (D:1)
  A quokka (D:2)
  2 frilled lizards
  6 goblins
  5 kobolds
  4 rats
48 creatures vanquished.

Notes
Turn   | Place    | Note
-------+----------+-------------------------------------------
     0 | D:1      | Zeia the Minotaur Fighter began the quest for the Orb.
     0 | D:1      | Reached XP level 1. HP: 19/19 MP: 0/0
   264 | D:1      | Reached XP level 2. HP: 25/27 MP: 1/1
   380 | D:1      | Found a faded altar of an unknown god.
  1192 | D:2      | Reached XP level 3. HP: 33/33 MP: 2/2
  1506 | D:2      | Noticed Natasha
  1510 | D:2      | Killed Natasha
  1744 | D:2      | Reached XP level 4. HP: 41/41 MP: 3/3
  1927 | D:2      | Noticed Natasha
  1932 | D:2      | Killed Natasha
  2125 | D:3      | Found a basalt altar of Yredelemnul.
  2273 | D:3      | Found Rystrigh's Distillery.
  2386 | D:3      | Bought a potion of haste for 120 gold pieces
  2426 | D:3      | Found a sparkling altar of Nemelex Xobeh.
  2455 | D:4      | Reached skill level 5 in Fighting
  2455 | D:4      | Reached XP level 5. HP: 48/48 MP: 4/4
  2461 | D:4      | Reached skill level 5 in Armour
  2467 | D:4      | Slain by a gnoll

Illustrated notes

Levels and vault maps discovered:
D:1:      dpeg_arrival_round_b, layout_basic, basic_ecumenical_altar,
          hangedman_decor_push
D:2:      layout_basic, kennysheep_cluttered_room, chequers_mini_garden,
          serial_park_tiny_pond, uniq_natasha
D:3:      layout_rooms, yredelemnul_altar_generic, nemelex_dance_club_becter,
          serial_shops, nicolae_shop_waterfront
D:4:      layout_cave_pools, mainiacjoe_overflow_paths, tso_oasis_becter,
          uniq_duvessa

Skill      XL: |  1  2  3  4  5 |
---------------+----------------+-----
Fighting       | 4 5 |  5.1
Armour         | 4 5 |  5.0
Axes           | 3 4 |  4.2
Shields        | |  3.6

Action                     |  1- 3 |  4- 6 || total
---------------------------+-------+-------++-------
  Melee: War axe           |    69 |    28 ||    97
         Headbutt          |     7 |     2 ||     9
    Use: Potion            |     2 |     2 ||     4
 Armour: Scale mail        |    55 |    27 ||    82
  Dodge: Dodged            |    36 |    13 ||    49
  Block: Buckler           |    13 |     7 ||    20
